 Dungeon Crawl Stone Soup version 0.23-a0-644-gb60d84b (webtiles) character file.

648 Borgoz the Ruffian (level 7, -3/60 HPs)
             Began as a Ghoul Gladiator on Jan 1, 2019.
             Slain by an orc
             ... wielding a +0 whip
              (6 damage)
             ... on level 5 of the Dungeon.
             The game lasted 00:06:16 (3077 turns).

Borgoz the Ruffian (Ghoul Gladiator)                Turns: 3077, Time: 00:06:16

Health: -3/60      AC:  4    Str: 18    XL:     7   Next: 53%
Magic:  6/6        EV: 13    Int:  3    God:
Gold:   296        SH:  0    Dex: 12    Spells: 6/6 levels left

rFire    . . .     SeeInvis .     - Unarmed
rCold    + . .     Gourm    .   (no shield)
rNeg     + + +     Faith    .   a - +0 leather armour
rPois    ∞         Spirit   .   b - +0 helmet
rElec    .         Reflect  .   (no cloak)
rCorr    .         Harm     .   (no gloves)
MR       .....                  (no boots)
Stlth    +.........             (no amulet)
HPRegen  0.00/turn              (no ring)
MPRegen  0.10/turn              (no ring)

@: rotting
A: rotting body, claws 1, carnivore, cold resistance 1, negative energy
resistance 3, inhibited regeneration, torment resistance, unbreathing
a: no special abilities


You were on level 5 of the Dungeon.
You were not hungry.

You visited 1 branch of the dungeon, and saw 5 of its levels.
You also visited: Ossuary.

You collected 296 gold pieces.

Inventory:

Missiles
 c - 3 throwing nets (quivered)
Armour
 a - a +0 leather armour (worn)
 b - a +0 helmet (worn)
Jewellery
 i - an uncursed ring of wizardry
 j - a +3 ring of strength {unknown}
 m - a +4 ring of dexterity {unknown}
 o - an uncursed ring of magical power {unknown}
 q - an uncursed ring of protection from cold {unknown}
 y - an uncursed ring of ice {unknown}
Wands
 f - a wand of iceblast (9)
Scrolls
 e - 2 scrolls of noise {unknown}
 g - 2 scrolls of enchant weapon {unknown}
 h - 3 scrolls of remove curse {unknown}
 k - 3 scrolls of identify {unknown}
 n - 2 scrolls of brand weapon {unknown}
 p - 3 scrolls of teleportation {unknown}
 r - 2 scrolls of amnesia {unknown}
 s - a scroll of magic mapping {unknown}
Potions
 l - 2 potions of might {unknown}
 t - 2 potions of curing
 u - a potion of brilliance {unknown}
 v - 2 potions of resistance {unknown}
 w - a potion of degeneration {unknown}
 x - 2 potions of flight {unknown}
Comestibles
 d - 8 rations


   Skills:
 + Level 4.8 Fighting
 - Level 1.7 Throwing
 + Level 3.3 Armour
 + Level 4.4 Dodging
 + Level 5.4 Unarmed Combat


You had 6 spell levels left.
You didn't know any spells.
Your spell library was empty.

Dungeon Overview and Level Annotations

Branches:
Dungeon (5/15)
 Temple: D:4-7

Altars:
Cheibriados
Beogh

Shops:
D:4 !

Annotations:
D:4 3 runed doors, Amnesiac's ghost, amateur SpBe


Innate Abilities, Weirdness & Mutations

Your body is rotting away.
You thrive on raw meat.
You are immune to poison.
You have sharp fingernails.
You are carnivorous and can eat meat at any time.
Your flesh is cold resistant. (rC+)
You are immune to negative energy. (rN+++)
You do not regenerate when monsters are visible.
You are immune to unholy pain and torment.
You can survive without breathing.


Message History

You kill the orc!
The orc hits you. The black bear misses you. The black bear claws you.
* * * LOW HITPOINT WARNING * * *
The black bear misses you. The orc barely misses you.
The orc closely misses you. The black bear bites you.
* * * LOW HITPOINT WARNING * * *
The black bear claws you.
* * * LOW HITPOINT WARNING * * *
The black bear closely misses you.
Items here: ) | †† an uncursed staff of power; a +0 club; an orc corpse x2
You scratch the black bear but do no damage.
The black bear is severely wounded.
The orc closely misses you. The black bear bites you.
* * * LOW HITPOINT WARNING * * *
The black bear claws you but does no damage.
The black bear claws you.
* * * LOW HITPOINT WARNING * * *
The orc hits you with a +0 whip.
You die...

## .### ..... ##.....
... ##....... ....###
###@h......
........##..oo......
...............##....
.............### ...
............## .
............#
............#
...........## ....
...........# #..


You could see a black bear and 2 orcs.

Vanquished Creatures
  A sky beast (D:3)
  An elf zombie (Ossuary)
  A howler monkey (D:4)
  2 centaur zombies (Ossuary)
  A hound (D:4)
  A human zombie (Ossuary)
  An orc wizard (D:4)
  An orc priest (D:4)
  An iguana (D:4)
  A worker ant (D:4)
  A big kobold zombie (Ossuary)
  2 mummies (Ossuary)
  3 gnolls (D:2)
  3 adders
  2 oozes (D:1)
  2 adder zombies (Ossuary)
  A dart slug (D:1)
  2 leopard geckos
  11 orcs
  A ball python (D:2)
  5 bats
  5 giant cockroaches
  5 goblins
  5 hobgoblins
  4 jackals (D:2)
  4 kobolds
  3 quokkas (D:4)
  3 frilled lizards
  A goblin zombie (Ossuary)
  2 hobgoblin zombies (Ossuary)
  A jackal zombie (Ossuary)
  10 kobold zombies (Ossuary)
  13 orc zombies (Ossuary)
  9 rats
  3 rat zombies (Ossuary)
112 creatures vanquished.

Notes
Turn   | Place    | Note
-------+----------+-------------------------------------------
     0 | D:1      | Borgoz the Ghoul Gladiator began the quest for the Orb.
     0 | D:1      | Reached XP level 1. HP: 17/17 MP: 0/0
    42 | D:1      | Reached XP level 2. HP: 18/25 MP: 1/1
   247 | D:1      | Found a snail-covered altar of Cheibriados.
   566 | D:1      | Reached XP level 3. HP: 30/30 MP: 2/2
   641 | D:2      | Reached skill level 1 in Armour
   850 | D:2      | Reached XP level 4. HP: 16/38 MP: 3/3
   906 | D:2      | Reached skill level 4 in Unarmed Combat
  1183 | D:3      | Noticed a sky beast
  1196 | D:3      | Killed a sky beast
  1196 | D:3      | Reached XP level 5. HP: 12/45 MP: 4/4
  1286 | D:4      | Reached XP level 6. HP: 32/52 MP: 5/5
  1628 | D:3      | Reached skill level 5 in Unarmed Combat
  1863 | D:4      | Found Cik Hug's Distillery.
  2287 | D:4      | Found a runed gate.
  2287 | D:4      | Noticed Amnesiac's ghost (amateur SpBe)
  2288 | D:4      | Found a runed gate.
  2289 | D:4      | Found a runed gate.
  2349 | D:4      | Found a roughly hewn altar of Beogh.
  2414 | D:5      | Entered Level 5 of the Dungeon
  2428 | D:5      | Found a sand-covered staircase.
  2436 | Ossuary  | Entered an ossuary
  2559 | Ossuary  | Reached XP level 7. HP: 49/59 MP: 6/6
  3077 | D:5      | HP: 3/60 [black bear (4)]
  3077 | D:5      | Slain by an orc

Vault maps used:
D:1:      minmay_arrival_arboretum_small, hangedman_decor_diamond_cutter,
          cheibriados_altar_1
D:2:      minmay_misc_feat_chi, small_statue_intersection, kennysheep_potato
D:3:      first_ration
D:4:      serial_shops, nicolae_shop_stone, biasface_ghost_orc_armoury
D:5:      nicolae_ossuary_entry_ruins, corexii_shack
Ossuary:  ossuary_tomb_1

Skill      XL: |  1  2  3  4  5  6 |
---------------+-------------------+-----
Armour         | 1 2 3 |  3.3
Dodging        | 3 4 |  4.4
Fighting       | 3 4 |  4.8
Unarmed Combat | 4 5 |  5.4
Throwing       | |  1.7

Action                   |  1- 3 |  4- 6 |  7- 9 || total
-------------------------+-------+-------+-------++-------
Melee: Unarmed           |    95 |   224 |   107 ||   426
       Punch             |     1 |     4 |     1 ||     6
  Use: Potion            |     3 |       |     1 ||     4
 Stab: Sleeping          |     1 |       |       ||     1
  Eat: Chunk             |     3 |    31 |       ||    34
Armor: Leather armour    |    14 |    40 |    24 ||    78
Dodge: Dodged            |    54 |   138 |    68 ||   260

Table legend:
 A = Non-vault XP
 B = Vault XP
 C = Vault XP percentage of total XP
 D = Non-vault monster count
 E = Vault monster count
 F = Vault count percentage of total count
                 A         B        C        D         E       F
            +---------+---------+-------+---------+---------+-------
      Total |     593 |     334 |  36.0 |      72 |      40 |  35.7
            +---------+---------+-------+---------+---------+-------
        D:1 |      34 |       0 |   0.0 |      13 |       0 |   0.0
        D:2 |      75 |       2 |   2.6 |      21 |       1 |   4.5
        D:3 |     176 |       0 |   0.0 |      15 |       0 |   0.0
        D:4 |     299 |       0 |   0.0 |      20 |       0 |   0.0
        D:5 |       9 |       0 |   0.0 |       3 |       0 |   0.0
    Ossuary |       0 |     332 | 100.0 |       0 |      39 | 100.0
            +---------+---------+-------+---------+---------+-------
